 Dungeon Crawl Stone Soup version 0.26-a0-651-gb41185065b (webtiles) character file.

Game seed: 5331966895969374299

6816 kae the Grappler (level 10, -14/76 HPs)
             Began as a Demonspawn Gladiator on Oct 14, 2020.
             Was the Champion of Uskayaw.
             Demolished by a gnoll sergeant
             ... wielding a +0 spear of distortion
              (24 damage)
             ... on level 9 of the Dungeon.
             The game lasted 00:12:38 (12668 turns).

kae the Grappler (Demonspawn Gladiator)            Turns: 12668, Time: 00:12:39

Health: -14/76     AC:  7    Str: 17    XL:     10   Next: 77%
Magic:  10/10      EV: 13    Int: 18    God:    Uskayaw [******]
Gold:   1510       SH:  5    Dex: 15    Spells: 9/9 levels left

rFire    . . .     SeeInvis .     - Unarmed
rCold    . . .     Faith    .   (no shield)
rNeg     + . .     Spirit   .   a - +1 leather armour
rPois    .         Reflect  +   C - +1 helmet
rElec    .         Harm     .   i - +0 cloak
rCorr    .         Rampage  .   (no gloves)
MR       .....                  (no boots)
Stlth    +.........             k - amulet of reflection
HPRegen  0.22/turn              z - ring of positive energy
MPRegen  0.12/turn              y - ring "Nudgh" {Int+6 Slay+4}

@: hasted, very quick
A: claws 2, demonic guardian 1, big brain 1
a: Stomp, Line Pass, Grand Finale, Renounce Religion


You were on level 9 of the Dungeon.
You worshipped Uskayaw.
Uskayaw was noncommittal.
You visited 2 branches of the dungeon, and saw 10 of its levels.
You also visited: Ossuary and Bailey.

You collected 1510 gold pieces.

Inventory:

Missiles
 c - 3 throwing nets (quivered)
Armour
 a - a +1 leather armour (worn)
 i - a +0 cloak (worn)
 C - a +1 helmet (worn)
Jewellery
 k - an amulet of reflection (around neck)
 l - an uncursed amulet of the acrobat
 o - an uncursed ring of stealth
 w - the ring of Linearity {Fire Str+4 Stlth-}
   (You found it in a bailey)

   [ring of fire]

   It enhances your fire magic.
   It affects your strength (+4).
   It protects you from fire.
   It makes you vulnerable to cold.
   It makes you less stealthy.
 y - the ring "Nudgh" (right claw) {Int+6 Slay+4}
   (You acquired it in a bailey)

   [ring of intelligence]

   It affects your intelligence (+6).
   It affects your accuracy and damage with ranged weapons and melee attacks
   (+4).
 z - a ring of positive energy (left claw)
Wands
 s - a wand of acid (5)
Scrolls
 b - 3 scrolls of identify
 g - 2 scrolls of blinking
 h - 9 scrolls of remove curse
 j - 2 scrolls of magic mapping
 v - 4 scrolls of teleportation
 A - 2 scrolls of enchant weapon
 B - a scroll of amnesia
Potions
 d - 3 potions of brilliance
 e - 16 potions of degeneration
 f - 3 potions of curing
 n - 4 potions of stabbing
 p - a potion of might
 q - a potion of invisibility {unknown}
 r - a potion of magic
 t - 3 potions of cancellation
 u - 2 potions of resistance {unknown}
 x - a potion of heal wounds


   Skills:
 + Level 5.8 Fighting
 - Level 1.7 Throwing
 - Level 2.6 Dodging
 - Level 14.0 Unarmed Combat


You had 9 spell levels left.
You didn't know any spells.
Your spell library contained the following spells:

 Spells                   Type           Power        Failure   Level
 Corona                   Hex            #......      26%         1
 Ensorcelled Hibernation  Hex/Ice        #.....       38%         2
 Confusing Touch          Hex            #.......     63%         3
 Dazzling Flash           Conj/Hex       #.....       63%         3
 Tukima's Dance           Hex            #.......     63%         3


Dungeon Overview and Level Annotations

Branches:
Dungeon (9/15)             Temple (1/1) D:4             Orc (0/2) D:9
Ossuary (visited)          Bailey (visited)
   Lair: D:8-11

Altars:
Ashenzari
Cheibriados
Dithmenos
Elyvilon
Fedhas
Gozag
Hepliaklqana
Kikubaaqudgha
Makhleb
Nemelex Xobeh
Okawaru
Qazlal
Ru
Sif Muna
Trog
Uskayaw
Vehumet
Wu Jian
Xom
Yredelemnul
Zin
The Shining One

Shops:
D:6 (

Annotations:
D:4 exclusion: ogre
D:8 Psyche


Innate Abilities, Weirdness & Mutations

You have very sharp fingernails.
A weak demonic guardian rushes to your aid.
You have an unusually large brain. (Int +2)


Message History

Items here: ( )) ††.
You scratch the gnoll.
The gnoll is heavily wounded.
You scratch the gnoll.
The gnoll is almost dead.
The gnoll closely misses you. You block the gnoll sergeant's attack.
You mangle the gnoll!!
You kill the gnoll!
The gnoll sergeant blocks your attack.
The gnoll sergeant hits you with a +0 spear of distortion.
Space warps horribly around you!
* * * LOW HITPOINT WARNING * * *
The gnoll sergeant blocks your attack. The gnoll sergeant blocks your attack.
The gnoll sergeant closely misses you. The gnoll sergeant blocks your attack.
You scratch the gnoll sergeant.
The gnoll sergeant is lightly wounded.
The gnoll sergeant hits you but does no damage.
Space warps horribly around you!!
You die...

#.# #.# #######
#####.###### #8...8#
#........... #.....#
#..)........ #..>..#
#........... #.....#
#####.######
#8.)g8#######.#.)...
#####@###.#...))......
#..()55)((#.###.#.....
#.#######.#.<...######
#.#....(..#######.....
#.........# #.####
###.......# #.#
#.......# #.#
##.......# ###.####
#.<..#.#######.......


You could see a gnoll sergeant and 2 friendly ufetubi.

Vanquished Creatures
  An orc warlord (Bailey)
  A troll (D:9)
  A hornet (D:8)
  2 hippogriffs
  A wyvern (D:8)
  A water moccasin (D:8)
  8 orc warriors
  5 sky beasts
  A phantom (D:4)
  4 ogres
  3 ice beasts
  2 centaurs (D:7)
  6 big kobolds
  3 bullfrogs
  Blork the orc (D:6)
  2 gnoll sergeants (D:9)
  3 scorpions
  9 killer bees (D:9)
  A howler monkey (D:7)
  A jelly (D:5)
  4 hounds
  3 centaur skeletons
  4 orc priests
  6 orc wizards
  Jessica (D:3)
  6 worker ants
  A killer bee zombie (D:6)
  A hound skeleton (D:4)
  12 mummies (Ossuary)
  Robin (D:2)
  A worker ant zombie (D:7)
  11 gnolls
  2 adders
  A howler monkey skeleton (D:5)
  2 shadow imps
  2 white imps
  2 adder zombies
  2 adder skeletons (D:5)
  4 worms
  A dart slug (D:1)
  3 leopard geckos
  23 orcs
  5 ball pythons
  6 giant cockroaches
  15 goblins
  18 hobgoblins
  3 jackals (D:3)
  6 quokkas
  5 bats
  2 frilled lizards
  A gnoll skeleton (Ossuary)
  4 goblin skeletons (Ossuary)
  A jackal skeleton (D:7)
  32 kobolds
  2 kobold skeletons (Ossuary)
  A leopard gecko skeleton (D:5)
  An orc skeleton (Ossuary)
  7 rats
  11 rat skeletons (Ossuary)
269 creatures vanquished.

Vanquished Creatures (collateral kills)
  An orc (D:9)
1 creature vanquished.

Grand Total: 270 creatures vanquished

Notes
Turn   | Place    | Note
-------+----------+-------------------------------------------
     0 | D:1      | kae the Demonspawn Gladiator began the quest for the Orb.
     0 | D:1      | Reached XP level 1. HP: 16/16 MP: 1/1
    77 | D:1      | Reached skill level 3 in Unarmed Combat
   204 | D:1      | Gained mutation: You have sharp fingernails. [demonic
                  | ancestry]
   204 | D:1      | Reached XP level 2. HP: 9/22 MP: 2/2
   497 | D:1      | Found an iron altar of Okawaru.
   948 | D:2      | Gained mutation: You have very sharp fingernails. [demonic
                  | ancestry]
   948 | D:2      | Reached XP level 3. HP: 11/27 MP: 3/3
  1233 | D:2      | Noticed Robin
  1266 | D:2      | Reached skill level 4 in Unarmed Combat
  1271 | D:2      | Killed Robin
  1854 | D:2      | Reached XP level 4. HP: 33/33 MP: 4/4
  2016 | D:3      | Found a faded altar of an unknown god.
  2365 | D:3      | Reached skill level 5 in Unarmed Combat
  2690 | D:3      | Reached XP level 5. HP: 25/38 MP: 5/5
  3204 | D:3      | Noticed Jessica
  3214 | D:3      | Killed Jessica
  3365 | D:3      | Reached skill level 6 in Unarmed Combat
  3582 | D:4      | Reached XP level 6. HP: 43/44 MP: 6/6
  3976 | D:4      | Found a staircase to the Ecumenical Temple.
  3981 | D:4      | Reached skill level 7 in Unarmed Combat
  3987 | Temple   | Entered the Ecumenical Temple
  4300 | Temple   | Became a worshipper of Uskayaw the Reveler
  4334 | D:4      | Reached * piety under Uskayaw
  4411 | D:4      | Found a shadowy altar of Dithmenos.
  4641 | D:5      | Entered Level 5 of the Dungeon
  4646 | D:5      | Noticed a sky beast
  4652 | D:5      | Reached XP level 7. HP: 27/50 MP: 3/7
  4653 | D:5      | Reached ** piety under Uskayaw
  4789 | D:5      | Reached skill level 8 in Unarmed Combat
  4797 | D:5      | Reached *** piety under Uskayaw
  4882 | D:5      | Found a sand-covered staircase.
  4953 | Ossuary  | Entered an ossuary
  5796 | D:5      | Reached skill level 9 in Unarmed Combat
  5796 | D:5      | Gained mutation: You have an unusually large brain. (Int
                  | +2) [demonic ancestry]
  5796 | D:5      | Reached XP level 8. HP: 54/56 MP: 8/8
  6521 | D:5      | Found a sparkling altar of Nemelex Xobeh.
  6529 | D:5      | You fall into a shaft and drop 2 floors!
  6740 | D:7      | Reached skill level 10 in Unarmed Combat
  6750 | D:7      | Reached **** piety under Uskayaw
  6815 | D:7      | Noticed a hippogriff
  7010 | D:7      | Killed a hippogriff
  7245 | D:7      | Reached skill level 11 in Unarmed Combat
  7565 | D:7      | Reached XP level 9. HP: 61/61 MP: 9/9
  8061 | D:7      | Found a bloodstained altar of Trog.
  8304 | D:6      | Found Gowisoge's Weapon Emporium.
  8394 | D:6      | Noticed Blork the orc
  8397 | D:6      | Killed Blork the orc
  8534 | D:6      | Reached skill level 12 in Unarmed Combat
  9230 | D:8      | Found a burning altar of Makhleb.
  9233 | D:8      | Found an ornate altar of the Wu Jian Council.
  9244 | D:8      | Noticed Psyche
  9298 | D:8      | Found a flagged portal.
  9377 | Bailey   | Entered a bailey
  9417 | Bailey   | Noticed an orc warlord
  9735 | Bailey   | Found a runed translucent gate.
  9737 | Bailey   | Found a runed translucent gate.
  9739 | Bailey   | Found a runed translucent gate.
 10114 | Bailey   | Killed an orc warlord
 10114 | Bailey   | Reached skill level 13 in Unarmed Combat
 10114 | Bailey   | Gained mutation: A weak demonic guardian rushes to your
                  | aid. [demonic ancestry]
 10114 | Bailey   | Reached XP level 10. HP: 67/67 MP: 10/10
 10135 | Bailey   | Got a vibrating gossamer ring
 10145 | Bailey   | Identified 2 scrolls of acquirement
 10145 | Bailey   | Acquired the ring "Nudgh" {Int+6 Slay+4}
 10167 | Bailey   | Acquired 1058 gold pieces
 10411 | D:8      | Paralysed by a hornet for 1 turns
 11069 | D:8      | Found a radiant altar of Vehumet.
 11081 | D:8      | Found a stormy altar of Qazlal.
 11481 | D:8      | Identified the ring of Linearity {Fire Str+4 Stlth-} (You
                  | found it in a bailey)
 12308 | D:9      | Found a shimmering blue altar of Sif Muna.
 12598 | D:9      | Found a staircase to the Orcish Mines.
 12622 | D:9      | Reached ***** piety under Uskayaw
 12627 | D:9      | Reached skill level 5 in Fighting
 12632 | D:9      | Reached ****** piety under Uskayaw
 12657 | D:9      | Reached skill level 14 in Unarmed Combat
 12668 | D:9      | Demolished by a gnoll sergeant

Illustrated notes

Levels and vault maps discovered:
D:1:      ebering_hopf_link, layout_basic, okawaru_ov_weapons_minmay
D:2:      layout_basic, uniq_robin
D:3:      minmay_angry_zag, layout_loops_corners,
          chequers_ecumenical_altar_simple, serial_glass, glass_columns_c,
          glass_columns_a, hangedman_decor_opposing, uniq_jessica
D:4:      layout_basic, minmay_temple_entry_sparse_star,
          nicolae_dithmenos_the_darkroom
D:5:      layout_basic, nemelex_altar_shiori, enter_ossuary_2
D:6:      layout_rooms, serial_shops, shop, uniq_blork_the_orc
D:7:      minmay_spotlight, layout_gridville, nicolae_overflow_crystal_walls
D:8:      layout_basic, nicolae_overflow_hidden_temple, enter_bailey_7,
          uniq_psyche
D:9:      layout_basic, lemuel_doored_altar,
          kennysheep_orc_monster_closet_entryway
Temple:   regret_index_temple_generic_petals

Skill      XL: |  1  2  3  4  5  6  7  8  9 10 |
---------------+-------------------------------+-----
Unarmed Combat | 3 4 5 6 7 9 11 13 14 | 14.0
Fighting       | 5 |  5.8
Throwing       | |  1.7
Dodging        | |  2.6

Action                   |  1- 3 |  4- 6 |  7- 9 | 10-12 || total
-------------------------+-------+-------+-------+-------++-------
Melee: Unarmed           |   124 |   167 |   373 |   139 ||   803
       Punch             |     1 |     4 |    17 |     7 ||    29
Invok: Stomp             |       |     1 |     1 |     3 ||     5
       Line Pass         |       |       |     1 |     1 ||     2
Evoke: Wand              |       |       |     1 |       ||     1
  Use: Scroll            |     6 |     7 |     9 |     5 ||    27
       Potion            |       |     2 |     4 |     6 ||    12
 Stab: Sleeping          |     1 |     2 |     9 |     1 ||    13
       Paralysed         |       |       |    11 |     4 ||    15
Armor: Leather armour    |    30 |    30 |    75 |    25 ||   160
       Skin              |       |       |       |     2 ||     2
Dodge: Dodged            |    79 |    92 |   181 |    84 ||   436
Block: Other             |       |     5 |    84 |    37 ||   126
       Reflection        |       |       |    22 |     4 ||    26

Table legend: (Time is in decaauts)
 A = Elapsed time spent in this place.
 B = Non-inter-level travel time spent in this place.
 C = Inter-level travel time spent in this place.
 D = Time resting spent in this place.
 E = Time spent auto-exploring this place.
 F = Levels seen in this place.
 G = Mean time per level.
                   A        B        C        D        E       F      G
               +--------+--------+--------+--------+--------+-----+--------+
         Total |  12535 |  12087 |    448 |   1798 |   8472 |  12 | 1044.6 |
       Dungeon |  10593 |  10194 |    399 |   1404 |   7376 |   9 | 1177.0 |
        Temple |    341 |    292 |     49 |     92 |    199 |   1 |  341.0 |
       Ossuary |    810 |    810 |      0 |     96 |    582 |   1 |  810.0 |
        Bailey |    789 |    789 |      0 |    206 |    315 |   1 |  789.0 |
               +--------+--------+--------+--------+--------+-----+--------+

Top non-repeatable levels by time:
     D:7: 1827 daAuts
     D:3: 1605 daAuts
     D:8: 1553 daAuts
     D:5: 1255 daAuts
     D:2: 1163 daAuts
     D:9: 1123 daAuts
 Ossuary: 810 daAuts
  Bailey: 789 daAuts
     D:1: 771 daAuts
     D:4: 733 daAuts
     D:6: 559 daAuts
  Temple: 341 daAuts
